 Dungeon Crawl Stone Soup version 0.29.0-5-ge4962eb29e (webtiles) character file.

Game seed: 7258880935438211365

76 edwardauron the Insei (level 3, -2/29 HPs)
             Began as a Demigod Transmuter on Aug 29, 2022.
             Slain by a goblin
             ... wielding a +0 club
              (4 damage)
             ... on level 3 of the Dungeon.
             The game lasted 00:03:43 (3277 turns).

edwardauron the Insei (Demigod Transmuter)          Turns: 3277, Time: 00:03:44

Health: -2/29      AC:  2    Str:  9 (11) XL:     3   Next: 89%
Magic:  9/9        EV: 12    Int: 18 (19) God:
Gold:   143        SH:  0    Dex: 13 (14) Spells: 0/6 levels left

rFire   . . .      SeeInvis .     - Unarmed
rCold   . . .      Faith    .   (no shield)
rNeg    + . .      Spirit   .   a - +0 robe
rPois   .          Reflect  .   (helmet currently unavailable)
rElec   .          Harm     .   (no cloak)
rCorr   .          Rampage  .   (no gloves)
Will    .....                   (boots currently unavailable)
Stlth   +.........              (no amulet)
HPRegen 0.09/turn               e - ring of positive energy
MPRegen 0.11/turn               (no ring)

@: lethally poisoned (-2 -> -19), appendages, hasted and slowed, studying
Fighting
A: horns 2, talons 2, high MP 1, forlorn, divine attributes
a: End Transformation


You were on level 3 of the Dungeon.
You had temporarily grown beastly horns and talons.
You visited 1 branch of the dungeon, and saw 3 of its levels.

You collected 143 gold pieces.

Inventory:

Armour
 a - a +0 robe (worn)
Jewellery
 e - a ring of positive energy (left hand)
Scrolls
 c - a scroll of teleportation
 f - 2 scrolls of noise
 g - a scroll of vulnerability {unknown}
 i - a scroll of acquirement {unknown}
 k - a scroll of fog {unknown}
Potions
 b - 2 potions of lignification
 d - a potion of degeneration
 j - a potion of brilliance {unknown}


   Skills:
 + Level 1.7 Fighting
 + Level 2.3 Dodging
 + Level 3.1 Unarmed Combat
 + Level 2.2 Spellcasting
 + Level 2.3 Transmutations
 + Level 0.5 Poison Magic


You couldn't memorise any spells.
You knew the following spells:

 Your Spells              Type           Power      Damage    Failure   Level
a - Beastly Appendage     Tmut           20%        N/A       7%          1
b - Wereblood             Tmut           10%        N/A       11%         2
c - Spider Form           Tmut/Pois      7%         N/A       30%         3

Your spell library contained the following spells:

 Spells                   Type           Power      Damage    Failure   Level
 Ensorcelled Hibernation  Hex/Ice        4%         N/A       26%         2
 Ice Form                 Ice/Tmut       6%         N/A       73%         4
 Anguish                  Hex/Necr       1%         N/A       87%         4
 Freezing Cloud           Conj/Ice/Air   1%         6-21      99%         5
 Simulacrum               Ice/Necr       1%         N/A       100%        6
 Polar Vortex             Ice            1%         N/A       100%        9


Dungeon Overview and Level Annotations

Branches:
Dungeon (3/15)

Shops:
D:1 :


Innate Abilities, Weirdness & Mutations

You have temporarily grown beastly horns and talons.
You have an increased reservoir of magic. (+10% MP)
You shall have no god before yourself.
Your divine heritage dramatically boosts your attributes as you level up.


Message History

There is a stone staircase leading down here.
Found an iron altar of Okawaru.
Found 6 poisoned darts.
A goblin comes into view. It is wielding a +0 club.
A goblin is nearby!
A bat comes into view.
The goblin shouts!
Casting: Beastly Appendage (safe; 6% risk of failure)
Confirm with . or Enter, or press ? or * to list all spells.
You grow a pair of large bovine horns.
Your feet morph into talons.
A kobold brigand comes into view.
It is wielding a +0 whip and quivering curare-tipped darts.
The kobold brigand shouts!
The bat completely misses you. The goblin hits you with a +0 club.
You closely miss the goblin. Your headbutt misses the goblin.
The bat hits you but does no damage. The bat closely misses you.
You hit the goblin. Your headbutt misses the goblin.
The goblin is severely wounded.
The bat hits you but does no damage. The goblin hits you with a +0 club.
The kobold brigand throws a curare-tipped dart.
The curare-tipped dart hits you.
You are poisoned.
You have difficulty breathing.
You feel yourself slow down.
It was a potion of degeneration.
There was something very wrong with that liquid.
You feel weakened.
You feel dopey.
You feel clumsy.
You feel very sick. The bat hits you but does no damage.
The goblin hits you with a +0 club. The goblin hits you but does no damage.
The goblin attacks as you move away! The goblin barely misses you.
You feel sick. The bat hits you.
* * * LOW HITPOINT WARNING * * *
It was a potion of haste.
You feel yourself speed up.
You feel sick. The bat hits you but does no damage. The goblin misses you.
The kobold brigand throws a curare-tipped dart.
The curare-tipped dart hits you.
You are lethally poisoned!
You have difficulty breathing.
* * * LOW HITPOINT WARNING * * *
You feel as though you will be slow longer.
The goblin hits you with a +0 club.
You die...

#.......... #####
##......... .
#.... ..........#
.# #....
#....?....#####.#
#....
................#
#....
#.....K........#
#....
#...!##...##.##
#....
#..gb#..(..#..#
#....
#...@..._.....#
#....
###..#.....#..#
#####
##.##...##.###
####
#...........#
#...
###.........#
#.## #.........#
#.## ####......#
#.##
#..#######...
##..# #....


You could see a kobold brigand, a goblin and a bat.

Vanquished Creatures
  A gnoll (D:1)
  An adder (D:3)
  2 orcs (D:3)
  2 ball pythons
  5 endoplasms
  2 giant cockroaches
  7 goblins
  5 hobgoblins
  2 jackals (D:2)
  5 kobolds
  3 quokkas (D:1)
  6 bats
  2 frilled lizards (D:1)
  7 rats
50 creatures vanquished.

Notes
Turn   | Place    | Note
-------+----------+-------------------------------------------
     0 | D:1      | edwardauron the Demigod Transmuter began the quest for the
                  | Orb.
     0 | D:1      | Reached XP level 1. HP: 15/15 MP: 5/5
    37 | D:1      | Reached skill level 1 in Fighting
    44 | D:1      | Reached XP level 2. HP: 6/23 MP: 5/7
  1295 | D:1      | Found Eluob's Book Emporium.
  1418 | D:1      | Reached XP level 3. HP: 28/28 MP: 6/8
  1421 | D:1      | Learned a level 2 spell: Wereblood
  1425 | D:1      | Learned a level 3 spell: Spider Form
  1454 | D:1      | Reached skill level 3 in Unarmed Combat
  3271 | D:3      | Noticed a kobold brigand
  3277 | D:3      | Slain by a goblin

Illustrated notes

Levels and vault maps discovered:
D:1:      dpeg_arrival_renting, layout_loops_ring, serial_shops, shop
D:2:      layout_rooms, basic_altar
D:3:      layout_basic, okawaru_gym_becter, uniq_crazy_yiuf_cottage

Skill      XL: |  1  2  3 |
---------------+----------+-----
Fighting       | 1 |  1.7
Dodging        | 2 |  2.3
Transmutations | 2 |  2.3
Spellcasting   | 2 |  2.2
Unarmed Combat | 3 |  3.1
Poison Magic   | |  0.5

Action                   || total
-------------------------++-------
Melee: Unarmed           ||   123
       Headbutt          ||     9
       Kick              ||    28
       Punch             ||     1
 Cast: Beastly Appendage ||    27
       Wereblood         ||     4
  Use: Scroll            ||     6
       Potion            ||     2
 Stab: Sleeping          ||     1
Armor: Robe              ||    23
Dodge: Dodged            ||    92
